 Dungeon Crawl Stone Soup version 0.32-a0-900-g30fb1b0edc (webtiles) character file.

Game seed: 481413095494925245

95 Suzi the Shooter (level 4, -4/33 HPs)
             Began as a Coglin Hunter on Apr 5, 2024.
             Slain by Grinder (6 damage)
             ... while paralysed by Grinder
             ... on level 3 of the Dungeon.
             The game lasted 00:01:41 (1845 turns).

Suzi the Shooter (Coglin Hunter)                    Turns: 1845, Time: 00:01:41

Health: -4/33      AC:  3    Str: 11    XL:     4   Next: 66%
Magic:  4/4        EV:  2    Int:  8    God:
Gold:   128        SH:  0    Dex: 20    Spells: 3/3 levels left

rFire   . . .        a - +2 sling {Mariya}
rCold   . . .        d - +0 sling {Wenzel}
rNeg    . . .        c - +0 leather armour
rPois   .            (no helmet)
rElec   .            (no cloak)
rCorr   .            (no gloves)
SInv    .            (no boots)
Will    .....        (amulet unavailable)
Stlth   +            (ring unavailable)
HPRegen 0.25/turn    (ring unavailable)
MPRegen 0.09/turn    (no gizmo)

%: no passive effects
@: paralysed, lit by a corona, glowing, revving
A: off-hand wielding, slow wielding, warmup strikes, no jewellery
a: Invent Gizmo


You were on level 3 of the Dungeon.
You visited 1 branch of the dungeon, and saw 4 of its levels.

You collected 128 gold pieces.

Inventory:

Hand Weapons
 a - a +2 sling (weapon) {Mariya}
 d - a +0 sling (offhand) {Wenzel}
Armour
 c - a +0 leather armour (worn)
Wands
 j - a wand of charming (9)
Scrolls
 b - a scroll of butterflies
 h - 2 scrolls of identify {unknown}
 i - a scroll of teleportation {unknown}
 k - a scroll of amnesia {unknown}
 l - a scroll of poison {unknown}
 n - a scroll of immolation {unknown}
 o - a scroll of brand weapon {unknown}
 p - a scroll of fog {unknown}
Potions
 e - a potion of ambrosia {unknown}
 f - 2 potions of curing {unknown}
 g - a potion of might {unknown}
 m - 2 potions of degeneration {unknown}


   Skills:
 - Level 2.0 Fighting
 + Level 5.4 Ranged Weapons
 - Level 1.7 Dodging
 - Level 0.7 Stealth


You had 3 spell levels left.
You didn't know any spells.
Your spell library contained the following spells:

 Spells                   Type           Power      Damage    Failure   Level
 Freeze                   Ice            0%         1d3       50%         1
 Summon Small Mammal      Summ           0%         N/A       50%         1
 Call Canine Familiar     Summ           0%         N/A       86%         3
 Frozen Ramparts          Ice            0%         1d1       86%         3
 Hailstorm                Conj/Ice       0%         3d5       86%         3
 Inner Flame              Hex/Fire       0%         N/A       86%         3
 Flame Wave               Conj/Fire      0%         2d4       99%         4
 Sticky Flame             Fire/Alch      0%         2d4       99%         4
 Summon Blazeheart Golem  Fire/Summ      0%         N/A       99%         4


Dungeon Overview and Level Annotations

Branches:
Dungeon (4/15)
 Temple: D:4-7

Altars:
Nemelex Xobeh

Annotations:
D:3 Grinder
D:4 Dowan, Duvessa


Innate Abilities, Weirdness & Mutations

You can wield a second weapon in your off-hand.
It takes a long time for you to wield or remove held weapons.
Your first few attacks do less damage.
You cannot equip rings or amulets.


Message History

You shoot a sling bullet. The sling bullet hits the ball python.
You kill the ball python!
Found an escape hatch in the ceiling.
Found a stone staircase leading up.
There is a stone staircase leading up here.
Key pressed, stopping explore.
Key pressed, stopping explore.
No target in view!
Done exploring.
Done exploring.
Done exploring.
You see here a ball python skeleton.
There is a stone staircase leading down here.
You climb downwards.
There is a stone staircase leading up here.
You shoot a sling bullet. The sling bullet hits Dowan.
Dowan shouts!
You shoot a sling bullet. The sling bullet closely misses Dowan.
Grinder shouts!
Duvessa shouts!
The iguana hisses angrily.
Dowan hits you with a +0 dagger. Grinder hits you!
You writhe in agony.
Dowan gestures at you while chanting.
You are outlined in light.
You climb upwards.
There is a stone staircase leading down here.
You are too injured to fight recklessly!
You are too injured to fight recklessly!
You shoot a sling bullet. The sling bullet hits Grinder.
You shoot a sling bullet.
The sling bullet closely misses Grinder.
Grinder barely misses you.
You shoot a sling bullet. The sling bullet hits Grinder.
You shoot a sling bullet. The sling bullet hits Grinder.
Grinder gestures at you.
You suddenly lose the ability to move!
Grinder hits you.
You writhe in agony.
* * * LOW HITPOINT WARNING * * *
Grinder hits you.
* * * LOW HITPOINT WARNING * * *
You writhe in agony.
* * * LOW HITPOINT WARNING * * *
Grinder hits you.
* * * LOW HITPOINT WARNING * * *
You writhe in agony.
* * * LOW HITPOINT WARNING * * *
Grinder hits you.
* * * LOW HITPOINT WARNING * * *
You writhe in agony.
You die...
Grinder sighs, "Dead already?
I want a refund."

..# ####...## #.##.#.# #.>..
#.### #...#####.....)# #####
#...# #......<..##...# #######
###.####...####[.####)#####.....#
#................#.......##...†.#
#.......<..........#............#
..##.....................##.....#
..######...#.##..#.......##.....#
#.# #........@#.......########
#.# #........5..........# ## ..#
#...#####.#.#...#.#.# ##.
#########..# #.#.#..###..####..
##.........# #...#.#.###.......
##.#####.#.# #.###..###..###...
##.# #.#.#####.# #.#.#.#.# #.#.
#..# #.#.......###.......# #.##
#..# ###..........#######.## #...


You could see Grinder.

Vanquished Creatures
  4 gnolls (D:2)
  A ribbon worm (D:2)
  4 dart slugs
  4 orcs (D:3)
  8 ball pythons
  An endoplasm (D:1)
  A giant cockroach (D:1)
  A goblin (D:1)
  5 hobgoblins
  4 kobolds
  3 quokkas
  5 bats
  A frilled lizard (D:1)
  A rat (D:1)
43 creatures vanquished.

Notes
Turn   | Place    | Note
-------+----------+-------------------------------------------
     0 | D:1      | Suzi the Coglin Hunter began the quest for the Orb.
     0 | D:1      | Reached XP level 1. HP: 16/16 MP: 1/1
    60 | D:1      | Reached skill level 4 in Ranged Weapons
    60 | D:1      | Reached XP level 2. HP: 22/22 MP: 2/2
   588 | D:2      | Reached XP level 3. HP: 27/27 MP: 3/3
   607 | D:2      | Reached skill level 5 in Ranged Weapons
   607 | D:2      | Reached XP level 4. HP: 25/33 MP: 4/4
  1543 | D:3      | Found a sparkling altar of Nemelex Xobeh.
  1836 | D:4      | Noticed Grinder
  1836 | D:4      | Noticed Duvessa
  1836 | D:4      | Noticed Dowan
  1841 | D:3      | Paralysed by Grinder for 5 turns
  1845 | D:3      | Slain by Grinder

Illustrated notes

Levels and vault maps discovered:
D:1:      tarquinn_simple_flora_water_f, layout_basic
D:2:      layout_loops_ring
D:3:      layout_loops_cross, mainiacjoe_overflow_alcove_4
D:4:      lemuel_castle_with_subvaults [lemuel_castle_interior_carwin_2],
          layout_gridville, serial_rivers, chequers_serial_rivers_micro_a,
          chequers_serial_rivers_small_b, chequers_serial_rivers_small_a,
          chequers_serial_rivers_micro_b, uniq_sigmund, uniq_grinder,
          uniq_duvessa

Skill      XL: |  1  2  3 |
---------------+----------+-----
Ranged Weapons | 4 5 |  5.4
Fighting       | |  2.0
Dodging        | |  1.7
Stealth        | |  0.7

Action                     |  1- 3 |  4- 6 || total
---------------------------+-------+-------++-------
   Fire: Sling             |   100 |   100 ||   200
 Armour: Leather armour    |     2 |     9 ||    11
  Dodge: Dodged            |     5 |     5 ||    10

Table legend: (Time is in decaauts)
 A = Elapsed time spent in this place.
 B = Non-inter-level travel time spent in this place.
 C = Inter-level travel time spent in this place.
 D = Time resting spent in this place.
 E = Time spent auto-exploring this place.
 F = Levels seen in this place.
 G = Mean time per level.
                   A        B        C        D        E       F      G
               +--------+--------+--------+--------+--------+-----+--------+
         Total |   1865 |   1744 |    121 |      0 |   1546 |   4 |  466.2 |
       Dungeon |   1865 |   1744 |    121 |      0 |   1546 |   4 |  466.2 |
               +--------+--------+--------+--------+--------+-----+--------+

Top non-repeatable levels by time:
     D:3: 668 daAuts
     D:2: 621 daAuts
     D:1: 572 daAuts
     D:4: 2 daAuts
